 Dungeon Crawl Stone Soup version 0.29.1 (webtiles) character file.

Game seed: 8022348499721885113

5 foggy the Trooper (level 1, -2/20 HPs)
             Began as a Minotaur Fighter on Sept 14, 2022.
             Slain by a ball python (3 damage)
             ... on level 1 of the Dungeon.
             The game lasted 00:00:31 (200 turns).

foggy the Trooper (Minotaur Fighter)                 Turns: 200, Time: 00:00:32

Health: -2/20      AC:  7    Str: 20    XL:     1   Next: 66%
Magic:  0/0        EV:  6    Int:  5    God:
Gold:   48         SH:  4    Dex:  9    Spells: 0/0 levels left

rFire   . . .      SeeInvis .   a - +0 flail
rCold   . . .      Faith    .   c - +0 buckler
rNeg    . . .      Spirit   .   b - +0 scale mail
rPois   .          Reflect  .   (helmet restricted)
rElec   .          Harm     .   (no cloak)
rCorr   .          Rampage  .   (no gloves)
Will    .....                   (no boots)
Stlth   ..........              (no amulet)
HPRegen 0.06/turn               (no ring)
MPRegen 0.07/turn               (no ring)

@: constricted
A: horns 2, retaliatory headbutt
a: no special abilities


You were on level 1 of the Dungeon.
You visited 1 branch of the dungeon, and saw 1 of its levels.

You collected 48 gold pieces.

Inventory:

Hand Weapons
 a - a +0 flail (weapon)
Missiles
 e - a throwing net (quivered)
Armour
 b - a +0 scale mail (worn)
 c - a +0 buckler (worn)
Scrolls
 f - a scroll of identify {unknown}
 h - a scroll of enchant weapon {unknown}
Potions
 d - a potion of might
 g - a potion of lignification {unknown}


   Skills:
 + Level 3.8 Fighting
 + Level 2.4 Maces & Flails
 + Level 3.8 Armour
 + Level 3.7 Shields


You couldn't memorise any spells.
You didn't know any spells.
Your spell library was empty.

Dungeon Overview and Level Annotations

Branches:
Dungeon (1/15)

Altars:


Innate Abilities, Weirdness & Mutations

You have a pair of horns on your head.
You reflexively headbutt those who attack you in melee.


Message History

A hobgoblin comes into view. It is wielding a +0 spear.
You closely miss the rat.
The hobgoblin shouts!
Your headbutt misses the rat.
The rat is heavily wounded.
The kobold hits you but does no damage. You block the rat's attack.
A ball python comes into view.
You closely miss the rat.
The ball python hisses angrily.
Your headbutt misses the rat.
The rat is heavily wounded.
You block the kobold's attack. The rat bites you but does no damage.
You closely miss the rat. You headbutt the rat.
You kill the rat!
The kobold hits you with a +0 short sword. x2
The kobold throws a stone.
The stone hits you but does no damage.
You see here a rat corpse.
A goblin comes into view. It is wielding a +0 dagger.
The hobgoblin barely misses you.
The kobold hits you with a +0 short sword.
You barely miss the kobold. Your headbutt misses the kobold.
You block the hobgoblin's attack. The kobold hits you but does no damage.
You sock the kobold!
You kill the kobold!
The ball python bites you but does no damage.
You block the ball python's attack. The hobgoblin closely misses you.
The ball python barely misses you. You furiously retaliate!
You headbutt the ball python. You block the ball python's attack.
You closely miss the ball python. Your headbutt misses the ball python.
The ball python is severely wounded.
The hobgoblin hits you from afar with a +0 spear.
The ball python bites you. The ball python grabs you.
The ball python constricts you. You block the hobgoblin's attack.
You closely miss the ball python. Your headbutt misses the ball python.
The ball python is severely wounded.
You block the ball python's attack. The ball python constricts you.
The hobgoblin hits you from afar with a +0 spear!
* * * LOW HITPOINT WARNING * * *
The ball python bites you.
You die...

#.!. .....#. ...
....... ...
.....# .. .....#
###. .#...#. ##.
.#...#...
###..##.g....#.
....#.†@^g.#...
........†S....#
..............#
######
###.#(......#...
.....##
#.###...### #.
......##
#.###....#
.......#
#.#...#....#
.......#
#.#.#####.....
......># ##.#.#
##...


You could see a hobgoblin, a goblin and a ball python.

Vanquished Creatures
  An endoplasm (D:1)
  A kobold (D:1)
  2 frilled lizards (D:1)
  2 rats (D:1)
6 creatures vanquished.

Notes
Turn   | Place    | Note
-------+----------+-------------------------------------------
     0 | D:1      | foggy the Minotaur Fighter began the quest for the Orb.
     0 | D:1      | Reached XP level 1. HP: 19/19 MP: 0/0
   200 | D:1      | HP: 1/20 [hobgoblin/+0 spear (8)]
   200 | D:1      | Slain by a ball python

Illustrated notes

Levels and vault maps discovered:
D:1:      kennysheep_arrival_forest, layout_rooms, basic_ecumenical_altar,
          minmay_surrounded

Action                   || total
-------------------------++-------
Melee: Flail             ||    13
       Headbutt          ||     1
Armor: Scale mail        ||     6
Dodge: Dodged            ||     7
Block: Buckler           ||     9
